Map: Simulacro EE

Players

Serral

  • Race: Zerg Zerg
  • League: Master
  • Spawn Location: 11:00

Cure - Winner!

  • Race: Terran Terran
  • League: Master
  • Spawn Location: 5:00

VOD

Have the link to the VOD?

Description

Time

  • Played on: Jan. 14, 2020, 3:23 p.m.
  • Length: 6:00
Show
View Real Time Build Order
Export as new Build Order

Serral Zerg 

Build Orders: Pool First 

Get SALT Encoding   

  12  0:00  Drone  
  13  0:12  Overlord  
  13  0:16  Drone  
  14  0:30  Drone  
  14  0:31  Drone  
  14  0:34  Drone  
  17  0:45  Extractor, Drone  
  17  0:49  Spawning Pool  
  16  0:55  Drone  
  17  1:07  Drone  
  18  1:18  Hatchery  
  17  1:21  Drone  
  18  1:36  Queen  
  18  1:37  Zergling x2  
  18  1:39  Zergling x2  
  22  1:46  Metabolic Boost  
  22  1:53  Overlord  
  22  2:11  Drone x2  
  22  2:12  Queen  
  26  2:21  Drone  
  27  2:30  Drone  
  27  2:33  Drone  
  29  2:40  Hatchery  
  29  2:43  Drone  
  29  2:49  Drone  
  29  2:54  Zergling x2  
  29  2:58  Roach Warren  
  29  3:01  Zergling x2  
  29  3:05  Drone x2  
  32  3:12  Overlord  
  32  3:16  Drone  
  33  3:22  Overlord  
  33  3:38  Roach  
  33  3:39  Roach x4  
  33  3:40  Roach  
  45  3:42  Roach  
  47  3:50  Roach  
  47  3:55  Roach  
  51  3:59  Roach x2  
  51  4:02  Drone x2  
  57  4:04  Drone  
  57  4:09  Overlord  
  58  4:14  Overlord  
  58  4:22  Overlord  
  58  4:23  Drone  
  57  4:28  Drone x4  
  57  4:29  Drone  
  62  4:35  Drone x3  
  65  4:40  Ravager, Drone  
  65  4:43  Ravager  
  65  4:44  Drone x2  
  70  4:48  Overlord  
  70  4:51  Drone x2  
  68  4:58  Drone  
  64  5:01  Drone x2  
  64  5:05  Drone x2  
  64  5:06  Drone  
  58  5:09  Overlord  
  58  5:13  Extractor  
  52  5:14  Extractor  
  52  5:15  Queen  
  52  5:19  Zergling x6  
  56  5:23  Zergling x6  
  56  5:25  Zergling x2  
  60  5:28  Spore Crawler  
  60  5:32  Spore Crawler  
  60  5:33  Spore Crawler  
  60  5:41  Drone x2  
  60  5:42  Drone x2  
Show
View Real Time Build Order
Export as new Build Order

Cure Terran - Winner!

Build Orders: Reaper Expand, Hellion Banshee 

Get SALT Encoding   

  12  0:01  SCV  
  13  0:13  SCV  
  14  0:17  Supply Depot  
  14  0:25  SCV  
  15  0:38  SCV  
  15  0:40  Barracks  
  16  0:43  Refinery  
  16  0:50  SCV  
  17  1:03  SCV  
  18  1:15  SCV  
  19  1:27  Orbital Command, Reaper  
  20  1:40  Command Center  
  20  1:47  Supply Depot  
  20  1:53  SCV  
  21  1:59  Marine  
  22  2:05  SCV  
  23  2:11  Factory  
  23  2:17  SCV  
  23  2:21  Barracks Reactor, Refinery  
  24  2:29  SCV  
  25  2:41  SCV  
  26  2:53  SCV  
  26  2:54  Orbital Command  
  26  2:56  Starport  
  27  3:03  Hellion x2  
  32  3:05  SCV  
  32  3:06  Barracks Tech Lab  
  32  3:17  SCV  
  33  3:21  SCV  
  33  3:25  Hellion x2  
  38  3:31  SCV, Supply Depot  
  38  3:34  SCV  
  40  3:38  Cloaking Field, Banshee  
  43  3:44  SCV  
  43  3:46  SCV  
  45  3:49  Supply Depot  
  45  3:52  Barracks Tech Lab  
  45  3:56  SCV, Hellion  
  45  3:58  SCV, Hellion  
  51  4:08  SCV  
  52  4:10  SCV  
  52  4:13  Stimpack, Marauder  
  55  4:18  Supply Depot  
  55  4:19  Supply Depot  
  55  4:23  Banshee  
  57  4:31  SCV  
  57  4:33  Hellion  
  61  4:39  Marauder  
  61  4:40  Hellion  
  64  4:54  Command Center  
  64  4:57  Widow Mine  
  64  5:05  SCV x2  
  62  5:13  Marine  
  59  5:17  SCV x2  
  61  5:26  Barracks  
  61  5:28  Factory Reactor  
  61  5:29  SCV x2, Barracks  
  61  5:30  Marine  
  61  5:31  Starport Reactor  
  61  5:32  Supply Depot  
  64  5:36  Engineering Bay  
  64  5:41  SCV x2  
Tags
 
Add a new tag
Caveats
  • Supply blocks, unpowered buildings, or Contaminate may cause inaccurate times.
  • Supply counts are checked every 10 seconds.